 Dungeon Sprint DCSS version 0.28-a0-1382-g92835e5c71 (webtiles) character file.

Game seed: 13186858929265855768

595 mhtbhm the Fighter (level 7, -6/81 HPs)
             Began as a Gargoyle Berserker on Jan 1, 2022.
             Was a Priest of Trog.
             Mangled by a sun demon (18 damage)
             ... summoned by a kobold demonologist
             ... in the Dungeon (Sprint III: "The Ten Rune Challenge").
             The game lasted 00:00:51 (565 turns).

mhtbhm the Fighter (Gargoyle Berserker)              Turns: 565, Time: 00:00:52

Health: -6/81      AC:  8    Str: 22    XL:     7   Next: 40%
Magic:  7/7        EV: 12    Int:  8    God:    Trog [***...]
Gold:   31         SH:  0    Dex:  9    Spells: 6/6 levels left

rFire   . . .      SeeInvis .   a - +0 mace
rCold   . . .      Faith    .   (no shield)
rNeg    + . .      Spirit   .   b - +0 animal skin
rPois   ∞          Reflect  .   (no helmet)
rElec   +          Harm     .   (no cloak)
rCorr   .          Rampage  .   i - +0 pair of gloves
Will    +....      NoTele   +   (no boots)
Stlth   ..........              (no amulet)
HPRegen 0.23/turn               (no ring)
MPRegen 0.10/turn               (no ring)

@: berserking (expiring), very quick
A: sickness immunity, AC +4, negative energy resistance 1, electricity
resistance, torment resistance 1, petrification resistance, claws 1,
strong-willed 1
a: Renounce Religion, Berserk, Trog's Hand


You were in the Dungeon.
You worshipped Trog.
Trog was most pleased with you.
You visited 1 branch You collected 31 gold pieces.

Inventory:

Hand Weapons
 a - a +0 mace (weapon)
Armour
 b - a +0 animal skin (worn)
 i - a +0 pair of gloves (worn)
Scrolls
 h - a scroll of blinking
 j - a scroll of torment {unknown}
 k - a scroll of identify {unknown}
 l - a scroll of holy word {unknown}
 m - a scroll of amnesia {unknown}
Potions
 c - 2 potions of curing
 d - 2 potions of heal wounds
 e - a potion of haste
 f - 2 potions of magic
 g - 3 potions of mutation
 n - 2 potions of flight


   Skills:
 + Level 11.1 Fighting
 + Level 10.4 Maces & Flails
 + Level 5.8 Armour
 + Level 4.3 Dodging
 + Level 0.8 Stealth


You had 6 spell levels left.
You didn't know any spells.
Your spell library was empty.

Dungeon Overview and Level Annotations

Branches:
Dungeon (1/1)

Altars:
Dithmenos
Elyvilon
Kikubaaqudgha
Ru
Sif Muna
Vehumet
Yredelemnul
Zin
The Shining One


Innate Abilities, Weirdness & Mutations

You are immune to sickness and miasma.
Your stone body is resilient. (AC +4)
You are immune to poison.
You resist negative energy. (rN+)
You are resistant to electric shocks. (rElec)
You are resistant to unholy torment.
You are immune to petrification.
You have sharp fingernails.
You are strong-willed. (Will+)


Message History

The kobold demonologist gestures wildly while chanting.
The neqoxec gestures at you.
Strange energies course through your body.
You feel strong-willed.
You bludgeon the neqoxec!!
The neqoxec is severely wounded.
You closely miss the neqoxec.
The neqoxec is severely wounded.
The neqoxec gestures at you.
Something tries to feed on your intellect!
You thump the neqoxec!
You kill the neqoxec!
The neqoxec disappears in a puff of smoke!
Unknown command.
Found a book of Conjurations.
The kobold demonologist gestures wildly while chanting.
Something hits you.
There is an open door here.
You miss something. The sun demon barely misses you.
The kobold demonologist mumbles some strange words.
You hear some strange, mumbled words.
A fireball appears from out of thin air!
The fireball explodes!
The fireball engulfs you!!
The fireball engulfs the sun demon.
The sun demon completely resists.
The fireball engulfs something!
Reactivating autopickup.
The sun demon hits you!!
You are engulfed in flames!
* * * LOW HITPOINT WARNING * * *
The neqoxec hits you.
* * * LOW HITPOINT WARNING * * *
Things that are here:
a +0 dagger; a +0 robe; an Everburning Encyclopedia You sock the neqoxec!
The neqoxec is heavily wounded.
The kobold demonologist closely misses you.
The shadow imp misses you. The shadow imp barely misses you.
The sun demon hits you.
* * * LOW HITPOINT WARNING * * *
You are engulfed in flames!!
You die...

###....♣♣ ♣..#.).# #)_#
..#....≈♣♣♣♣..###'#+###'##
..#...≈≈♣♣....#..........#
.[#..≈≈≈≈♣♣♣..'.⌠........#
#'#..≈≈≈≈≈≈♣..#...######+#
†.#.≈≈≈≈≈≈....#.⌠.#
..#.≈≈≈≈≈.....#...#
..#.≈≈≈.......#'###
###...........#3@K#
........÷.....#553#
▓▓▓▓▓▓▓▓▓▓▓▓▓▓▓▓▓▓▓


You could see a sun demon (summoned), a kobold demonologist, a neqoxec
(summoned) and 2 shadow imps.

Vanquished Creatures
  A deep elf pyromancer (D)
  A necrophage (D)
  A water elemental (D)
  A necromancer (D)
  A human (D)
  A phantom (D)
  4 rats (D)
10 creatures vanquished.

Vanquished Creatures (others)
  A wizard (D)
1 creature vanquished.

Grand Total: 11 creatures vanquished

Notes
Turn   | Place    | Note
-------+----------+-------------------------------------------
     0 | D        | mhtbhm the Gargoyle Berserker began the quest for the Orb.
     0 | D        | Reached XP level 1. HP: 14/14 MP: 1/1
    17 | D        | Reached ** piety under Trog
    81 | D        | Reached skill level 4 in Fighting
    81 | D        | Reached XP level 2. HP: 11/20 MP: 2/2
   283 | D        | Reached skill level 5 in Fighting
   283 | D        | Reached XP level 3. HP: 26/26 MP: 3/3
   319 | D        | Gained mutation: You have sharp fingernails. [potion of
                  | mutation]
   349 | D        | Noticed a water elemental
   354 | D        | Killed a water elemental
   355 | D        | Reached skill level 6 in Fighting
   355 | D        | Reached XP level 4. HP: 32/32 MP: 4/4
   423 | D        | Found a basalt altar of Yredelemnul.
   423 | D        | Found a shadowy altar of Dithmenos.
   423 | D        | Found a sacrificial altar of Ru.
   423 | D        | Noticed a necrophage
   427 | D        | Killed a necrophage
   427 | D        | Reached *** piety under Trog
   428 | D        | Reached skill level 8 in Fighting
   428 | D        | Reached XP level 5. HP: 39/39 MP: 5/5
   499 | D        | Found a glowing silver altar of Zin.
   499 | D        | Found a glowing golden altar of the Shining One.
   499 | D        | Found a white marble altar of Elyvilon.
   500 | D        | Noticed a deep elf pyromancer
   506 | D        | Killed a deep elf pyromancer
   506 | D        | Reached **** piety under Trog
   507 | D        | Reached skill level 11 in Fighting
   507 | D        | Reached skill level 10 in Maces & Flails
   507 | D        | Reached skill level 5 in Armour
   507 | D        | Reached XP level 6. HP: 49/49 MP: 6/6
   507 | D        | Reached XP level 7. HP: 54/54 MP: 7/7
   555 | D        | Found a radiant altar of Vehumet.
   555 | D        | Found a shimmering blue altar of Sif Muna.
   555 | D        | Found an ancient bone altar of Kikubaaqudgha.
   556 | D        | Noticed a neqoxec
   558 | D        | Gained mutation: You are strong-willed. (Will+) [a neqoxec]
   559 | D        | Noticed a sun demon
   563 | D        | Noticed a neqoxec
   565 | D        | Mangled by a sun demon

Illustrated notes

Levels and vault maps discovered:
D:        dungeon_sprint_mu [sprint_mu_entry_forest, sprint_mu_temple_rooms,
          sprint_mu_d1_spiders, sprint_mu_d2_genie, sprint_mu_d3_branching,
          sprint_mu_orc_legion, sprint_mu_elf_gauntlet, sprint_mu_hive_nellie,
          sprint_mu_lair_fedhas, sprint_mu_vaults_butterflies,
          sprint_mu_slime_circle, sprint_mu_swamp_cave, sprint_mu_snake_twists,
          sprint_mu_blade_basic, sprint_mu_crypt_lich, sprint_mu_tomb_spiral,
          sprint_mu_vestibule_basic, sprint_mu_gehenna_hellfire,
          sprint_mu_dis_giant, sprint_mu_tartarus_statrot,
          sprint_mu_cocytus_islands, sprint_mu_zot1]

Skill      XL: |  1  2  3  4  5 |
---------------+----------------+-----
Fighting       | 4 5 6 8 11 | 11.1
Maces & Flails | 4 6 7 10 | 10.4
Dodging        | 2 3 4 |  4.3
Armour         | 3 4 5 |  5.8
Stealth        | |  0.8

Action                   |  1- 3 |  4- 6 |  7- 9 || total
-------------------------+-------+-------+-------++-------
Melee: Mace              |    22 |    10 |     7 ||    39
Invok: Berserk           |     2 |     2 |     1 ||     5
  Use: Potion            |     2 |       |       ||     2
Armor: Animal skin       |     4 |     2 |       ||     6
Dodge: Dodged            |     9 |     3 |     5 ||    17

Table legend: (Time is in decaauts)
 A = Elapsed time spent in this place.
 B = Non-inter-level travel time spent in this place.
 C = Inter-level travel time spent in this place.
 D = Time resting spent in this place.
 E = Time spent auto-exploring this place.
 F = Levels seen in this place.
 G = Mean time per level.
                   A        B        C        D        E       F      G
               +--------+--------+--------+--------+--------+-----+--------+
         Total |    622 |    622 |      0 |    452 |      1 |   1 |  622.0 |
       Dungeon |    622 |    622 |      0 |    452 |      1 |   1 |  622.0 |
               +--------+--------+--------+--------+--------+-----+--------+

Top non-repeatable levels by time:
       D: 622 daAuts
